 Dungeon Crawl Stone Soup version 0.24.0-1-gfbc8707122 (webtiles) character file.

Game seed: 5088234036477445520, levelgen mode: deterministic

198 Mrkan the Slasher (level 5, -1/47 HPs)
             Began as a Draconian Fighter on Oct 28, 2019.
             Slain by an orc wizard
             ... wielding a +0 dagger
              (6 damage)
             ... on level 4 of the Dungeon.
             The game lasted 00:05:20 (2716 turns).

Mrkan the Slasher (Draconian Fighter)               Turns: 2716, Time: 00:05:21

Health: -1/47      AC:  6    Str: 18    XL:     5   Next: 47%
Magic:  5/5        EV: 10    Int:  9    God:
Gold:   108        SH:  0    Dex: 11    Spells: 4/4 levels left

rFire    . . .     SeeInvis .   a - +0 long sword
rCold    . . .     Gourm    .   b - +0 shield
rNeg     . . .     Faith    .   (armour unavailable)
rPois    .         Spirit   .   (helmet restricted)
rElec    .         Reflect  .   (no cloak)
rCorr    .         Harm     .   k - +0 pair of gloves
MR       .....                  (no boots)
Stlth    +.........             (no amulet)
HPRegen  0.15/turn              (no ring)
MPRegen  0.09/turn              (no ring)

@: confused
A: unfitting armour, cold-blooded, AC +5
a: no special abilities


You were on level 4 of the Dungeon.
You were not hungry.

You visited 1 branch of the dungeon, and saw 4 of its levels.

You collected 108 gold pieces.

Inventory:

Hand Weapons
 a - a +0 long sword (weapon)
 n - a +0 hunting sling
Missiles
 e - 166 stones (quivered)
 h - 2 javelins
 v - 10 poisoned darts
Armour
 b - a +0 shield (worn)
 k - a +0 pair of gloves (worn)
Jewellery
 i - a +4 ring of intelligence {unknown}
 x - a +4 amulet of reflection {unknown}
Scrolls
 f - 2 scrolls of teleportation {unknown}
 g - a scroll of amnesia {unknown}
 j - a scroll of fear {unknown}
 m - 3 scrolls of identify {unknown}
 r - 2 scrolls of remove curse {unknown}
 s - a scroll of enchant armour {unknown}
 t - a scroll of blinking {unknown}
Potions
 l - 2 potions of resistance {unknown}
 o - a potion of heal wounds {unknown}
 p - a potion of mutation {unknown}
 u - a potion of ambrosia {unknown}
 w - a potion of invisibility {unknown}
Comestibles
 d - 11 rations


   Skills:
 + Level 4.3 Fighting
 * Level 4.4 Long Blades
 - Level 2.6 Dodging
 + Level 4.0 Shields


You had 4 spell levels left.
You didn't know any spells.
Your spell library contained the following spells:

 Spells                   Type           Power        Failure   Level  Hunger
 Ignite Poison            Fire/Tmut/Pois #.......     99%         3    ####...
 Fireball                 Conj/Fire      #.........   100%        5    ######.
 Bolt of Fire             Conj/Fire      #.........   100%        6    #######
 Ring of Flames           Chrm/Fire      #.........   100%        7    #######
 Ignition                 Fire           #.........   100%        8    #######


Dungeon Overview and Level Annotations

Branches:
Dungeon (4/15)
 Temple: D:4-7

Altars:
Ru


Innate Abilities, Weirdness & Mutations

Your plain brown scales are hard. (AC +5)
You cannot fit into any form of body armour.
You are cold-blooded and may be slowed by cold attacks.


Message History

You hit the orc.
The orc is severely wounded.
You miss something.
Your tail-slap misses something.
You block something's attack.
You barely miss something. Something hits you but does no damage.
You hit something. Something hits you.
You barely miss something.
You hear some strange, mumbled words.
You are confused.
You barely miss something.
Something hits you but does no damage. x2
You slash something!
The orc priest calls down the wrath of Beogh upon you.
Beogh smites you!
* * * LOW HITPOINT WARNING * * *
Something hits you.
* * * LOW HITPOINT WARNING * * *
You bump into the rock wall.
Something hits you.
* * * LOW HITPOINT WARNING * * *
You miss something. Something hits you.
You die...

.................#
.................#
#######...#####...
#...# ## ##o..##
#oo...# #o###.#
#{# #.# #@###.#
##.....##
#.......#
#.............
#..<..##.##.#.##
##.... #.# .#...
#...#. #.# .# ##.
...#.#. #.# .#
.....#. ...


You could see an orc priest and 3 orcs.

Vanquished Creatures
  An orc priest (D:4)
  A worker ant (D:4)
  An orc wizard (D:4)
  4 adders (D:3)
  A dart slug (D:3)
  A worm (D:2)
  4 leopard geckos
  3 orcs (D:4)
  11 bats
  4 giant cockroaches
  12 hobgoblins
  4 jackals (D:1)
  4 frilled lizards
  7 goblins
  9 kobolds
  4 rats
71 creatures vanquished.

Notes
Turn   | Place    | Note
-------+----------+-------------------------------------------
     0 | D:1      | Mrkan the Draconian Fighter began the quest for the Orb.
     0 | D:1      | Reached XP level 1. HP: 19/19 MP: 1/1
   265 | D:1      | Reached XP level 2. HP: 15/26 MP: 2/2
   780 | D:1      | Reached XP level 3. HP: 31/31 MP: 3/3
  1640 | D:3      | Reached XP level 4. HP: 39/40 MP: 4/4
  1691 | D:3      | Found a sacrificial altar of Ru.
  2399 | D:4      | Reached XP level 5. HP: 17/46 MP: 5/5
  2716 | D:4      | Slain by an orc wizard

Levels and vault maps discovered:
D:1:      roderic_dead_forest, layout_basic
D:2:      layout_basic
D:3:      layout_loops_ring, nicolae_ru_path_of_blood
D:4:      layout_loops_cross, minmay_temple_entry_overgrown, first_ration,
          uniq_duvessa

Skill      XL: |  1  2  3  4  5 |
---------------+----------------+-----
Long Blades    | 3 4 |  4.4
Fighting       | 4 |  4.3
Shields        | 4 |  4.0
Dodging        | |  2.6

Action                   |  1- 3 |  4- 6 || total
-------------------------+-------+-------++-------
Melee: Long sword        |    96 |    88 ||   184
       Tailslap          |     8 |     7 ||    15
  Use: Potion            |       |     1 ||     1
  Eat: Chunk             |     2 |     4 ||     6
Armor: Skin              |    39 |    24 ||    63
Dodge: Dodged            |    39 |    43 ||    82
Block: Shield            |    57 |    54 ||   111
       Rpst.: Long sword |    16 |    10 ||    26
